 Dungeon Crawl Stone Soup version 0.25-a0-857-g60a0bcd (webtiles) character file.

Game seed: 7369685900865305555, levelgen mode: deterministic

83 Illumine the Shooter (level 4, -3/37 HPs)
             Began as a Centaur Hunter on Apr 26, 2020.
             Slain by a worker ant (6 damage)
             ... on level 2 of the Dungeon.
             The game lasted 00:02:45 (1485 turns).

Illumine the Shooter (Centaur Hunter)               Turns: 1485, Time: 00:02:46

Health: -3/37      AC:  5    Str: 15    XL:     4   Next: 22%
Magic:  4/4        EV:  9    Int: 10    God:
Gold:   80         SH:  0    Dex: 10    Spells: 3/3 levels left

rFire    . . .     SeeInvis .   a - +1 shortbow
rCold    . . .     Gourm    .   (shield currently unavailable)
rNeg     . . .     Faith    .   c - +0 leather armour
rPois    .         Spirit   .   p - +0 helmet
rElec    .         Reflect  .   (no cloak)
rCorr    .         Harm     .   (no gloves)
MR       .....                  (no barding)
Stlth    +.........             (no amulet)
HPRegen  0.12/turn              (no ring)
MPRegen  0.09/turn              (no ring)

@: lethally poisoned (-3 -> -10), hasted, very quick
A: large, hooves 3, deformed body, speed 2, tough skin 3
a: no special abilities


You were on level 2 of the Dungeon.
You were not hungry.

You visited 1 branch of the dungeon, and saw 2 of its levels.

You collected 80 gold pieces.

Inventory:

Hand Weapons
 a - a +1 shortbow (weapon)
 b - a +0 short sword
Missiles
 d - 7 arrows (quivered)
 e - 13 poisoned darts
Armour
 c - a +0 leather armour (worn)
 n - a cursed +0 ring mail
 p - a +0 helmet (worn)
Jewellery
 m - an uncursed ring of protection from fire {unknown}
Scrolls
 h - a scroll of identify {unknown}
 i - a scroll of amnesia
 j - a scroll of teleportation {unknown}
 k - a scroll of remove curse {unknown}
 l - a scroll of immolation {unknown}
 o - a scroll of random uselessness {unknown}
Potions
 g - a potion of haste
Comestibles
 f - 4 rations
 q - a chunk of flesh


   Skills:
 + Level 2.7 Fighting
 + Level 6.0 Bows
 + Level 1.2 Armour
 + Level 2.0 Dodging
 - Level 0.4 Stealth


You had 3 spell levels left.
You didn't know any spells.
Your spell library was empty.

Dungeon Overview and Level Annotations

Branches:
Dungeon (2/15)

Altars:
Ru


Innate Abilities, Weirdness & Mutations

You have hooves in place of feet.
Armour fits poorly on your strangely shaped body.
You cover ground very quickly.
You have extremely tough skin. (AC +3)


Message History

The arrow hits the worker ant but does no damage.
The worker ant is severely wounded.
The worker ant bites you.
* * * LOW HITPOINT WARNING * * *
You are lethally poisoned!
The worker ant poisons you!
Firing (i - inventory. (/) - cycle)
d - 8 arrows (quivered)
Press: ? - help, Shift-Dir - straight line, f/p - worker ant
Aim: a worker ant (severely wounded)
You shoot an arrow.
The arrow closely misses the worker ant.
* * * LOW HITPOINT WARNING * * *
You feel sick. The worker ant bites you.
* * * LOW HITPOINT WARNING * * *
The worker ant bites you but does no damage.
Unknown command.
It was a potion of haste.
You feel yourself speed up.
* * * LOW HITPOINT WARNING * * *
You feel sick. The worker ant bites you.
You die...

#......#.#(......#
...##.##(##.......#
#.##)##.......#
#.##.###.....##
#.##(# ##...##
#.##(########
#.##((......#
..#######<##........#
.......<..@a)....(..#
#.#######..#........#
##.########## #.# #.#
..# ###


You could see a worker ant.

Vanquished Creatures
  Robin (D:2)
  2 gnolls (D:2)
  An ooze (D:1)
  2 dart slugs
  A leopard gecko (D:1)
  4 bats
  3 giant cockroaches
  9 goblins
  6 hobgoblins
  5 kobolds
  A frilled lizard (D:1)
  6 rats (D:1)
41 creatures vanquished.

Notes
Turn   | Place    | Note
-------+----------+-------------------------------------------
     0 | D:1      | Illumine the Centaur Hunter began the quest for the Orb.
     0 | D:1      | Reached XP level 1. HP: 17/17 MP: 1/1
   266 | D:1      | Reached XP level 2. HP: 24/24 MP: 2/2
   798 | D:1      | Reached XP level 3. HP: 19/30 MP: 3/3
  1287 | D:2      | Found a sacrificial altar of Ru.
  1311 | D:2      | Noticed Robin
  1317 | D:2      | Killed Robin
  1317 | D:2      | Reached skill level 1 in Armour
  1408 | D:2      | Reached XP level 4. HP: 37/37 MP: 4/4
  1417 | D:2      | Reached skill level 6 in Bows
  1485 | D:2      | Slain by a worker ant

Levels and vault maps discovered:
D:1:      heliophobic_arrival_glass_houses, layout_loops_ring
D:2:      layout_rooms, nicolae_ru_awakened_eye, uniq_robin

Skill      XL: |  1  2  3  4 |
---------------+-------------+-----
Armour         | 1 |  1.2
Dodging        | 2 |  2.0
Bows           | 6 |  6.0
Fighting       | |  2.7
Stealth        | |  0.4

Action                   |  1- 3 |  4- 6 || total
-------------------------+-------+-------++-------
Melee: Short sword       |   114 |     9 ||   123
       Kick              |    21 |     5 ||    26
 Fire: Shortbow          |     8 |    23 ||    31
  Use: Scroll            |     1 |       ||     1
       Potion            |       |     1 ||     1
  Eat: Chunk             |     1 |       ||     1
Armor: Leather armour    |    42 |    12 ||    54
Dodge: Dodged            |    51 |    11 ||    62

Table legend:
 A = Non-vault XP
 B = Vault XP
 C = Vault XP percentage of total XP
 D = Non-vault monster count
 E = Vault monster count
 F = Vault count percentage of total count
                 A         B        C        D         E       F
            +---------+---------+-------+---------+---------+-------
      Total |      90 |      29 |  24.4 |      33 |       8 |  19.5
            +---------+---------+-------+---------+---------+-------
        D:1 |      49 |       0 |   0.0 |      25 |       0 |   0.0
        D:2 |      41 |      29 |  41.4 |       8 |       8 |  50.0
            +---------+---------+-------+---------+---------+-------
